[Event "Late-Titled-Tuesday-Blitz-July-09-2024"]
[Site "Chess.com"]
[Date "2024.07.09"]
[Round "4"]
[White "ninguno46"]
[Black "c63_amg"]
[Result "0-1"]
[WhiteElo "2573"]
[BlackElo "2780"]
[TimeControl "180+1"]
[EndTime "14:38:58 PDT"]
[Termination "c63_amg won on time"]

1. Nf3 Nf6 2. c4 e6 3. g3 b6 4. Bg2 Bb7 5. O-O g6 6. b3 Bg7 7.
Bb2 O-O 8. e3 d5 9. Qe2 c5 10.
cxd5 exd5 11. Rd1 Re8 12. d4 Nbd7 13. Ne5 Qe7 14. f4 Rad8 15. Nc3 Ne4 16. Nxe4 dxe4 17. Nxd7 Rxd7 18. dxc5 Rxd1+ 19. Rxd1 Bxb2 20. Qxb2 Qxc5 21. Rd4 Rc8 22. Bf1 h5 23. b4 Qe7 24. Qd2 Bc6 25.
Ba6 Rb8 26. Bc4 Kg7 27. Rd6 Be8 28. Qd4+ Kh7 29. Bb3 Rc8 30. h3 h4 31. g4 a5 32.
bxa5 bxa5 33. Kf2 Rc1 34. Bd1 Qc7 35. Rd8 Qe7 0-1

[Event "Late-Titled-Tuesday-Blitz-July-09-2024"]
[Site "Chess.com"]
[Date "2024.07.09"]
[Round "4"]
[White "IngOscarArdila"]
[Black "MaxLeto"]
[Result "0-1"]
[WhiteElo "2299"]
[BlackElo "2488"]
[TimeControl "180+1"]
[EndTime "14:38:59 PDT"]
[Termination "MaxLeto won by checkmate"]

1. d4 d5 2. c4 e6 3. Nc3 Nf6 4. Bg5 Be7 5. Nf3 h6 6. Bh4 O-O 7. e3 b6 8. cxd5 Nxd5 9. Bxe7 Qxe7 10. Nxd5 exd5 11. Qd2 Bb7 12. Rc1 c5 13. Bd3 Nd7 14. O-O c4 15. Bb1 b5 16. Qc2 Nf6 17. Ne5 Rfe8 18. Qf5 a5 19. h4 b4 20. g4 Bc8 21. Qf4 Nd7 22. g5 Nxe5 23. dxe5 Qxe5 24.
gxh6 Qxf4 25. exf4 gxh6 26. Rcd1 Bb7 27. Kh2 Kg7 28.
Rg1+ Kf6 29. Rde1 d4 30. h5 d3 31. b3 Rxe1 32. Rxe1 d2 33. Rd1 c3 34. Bc2 Bf3 35. Rg1 Re8 36. Kg3 Re1 37. Kxf3 Rxg1 38. Ke2 Re1+ 39. Kd3 d1=Q+ 40. Bxd1 Rxd1+ 41. Kc4 Ra1 42. Kd3 Rxa2 43. f3 c2 44. Kd2 Kf5 45. Kc1 Kxf4 46.
Kd2 Kxf3 47. Kc1 Kg4 48. Kd2 Kxh5 49. Kc1 Kg4 50. Kd2 h5 51. Kc1 h4 52. Kd2 h3 53.
Kc1 h2 54. Kd2 Kf4 55. Kd3 c1=Q 56. Kd4 Qc3+ 57. Kd5 Rd2# 0-1

[Event "Late-Titled-Tuesday-Blitz-July-09-2024"]
[Site "Chess.com"]
[Date "2024.07.09"]
[Round "4"]
[White "Love7Unicorn"]
[Black "temus_galaktionov"]
[Result "0-1"]
[WhiteElo "2594"]
[BlackElo "2831"]
[TimeControl "180+1"]
[EndTime "14:39:00 PDT"]
[Termination "temus_galaktionov won by resignation"]

1. d4 c6 2. c4 g6 3. Nf3 d6 4. Nc3 Bg7 5. g3 Nd7 6. Bg2 e5 7. O-O Ngf6 8. e4 O-O 9. d5 c5 10. Ne1 Ne8 11. Nd3 f5 12. f4 Qe7 13. Bd2 exf4 14.
Bxf4 Ne5 15. Nxe5 dxe5 16. Be3 Bd7 17. Qd2 Rc8 18. Bg5 Qf7 19. b3 Nd6 20. a4 a6 21.
a5 Qe8 22. h4 h5 23. Kh2 Kh7 24. Rae1 Qf7 25. Ra1 Bf6 26. Bh6 Rfe8 27. Bh3 Qe7 28. Rf2 f4 29. gxf4 exf4 30. Bxd7 Qxd7 31. Bxf4 Bxc3 32.
Qxc3 Nxe4 33. Qf3 Nxf2 34. Qxf2 Qg4 35. Rg1 Re2 36. Rxg4 Rxf2+ 37. Kg3 Rb2 38. Rg5 Rxb3+ 39. Kg2 Rf8 40. d6 Rxf4 41. d7 Rf8 42. Rxc5 Rd8 43. Rd5 Kg7 44. c5 Kf7 0-1

[Event "Late-Titled-Tuesday-Blitz-July-09-2024"]
[Site "Chess.com"]
[Date "2024.07.09"]
[Round "4"]
[White "annasargsyan_m"]
[Black "adrivillu"]
[Result "1-0"]
[WhiteElo "2694"]
[BlackElo "2442"]
[TimeControl "180+1"]
[EndTime "14:39:00 PDT"]
[Termination "annasargsyan_m won by resignation"]

1. d4 Nf6 2. c4 e6 3. Nf3 Bb4+ 4. Bd2 Qe7 5. g3 Bxd2+ 6. Nbxd2 d6 7. Bg2 e5 8. e4 O-O 9. h3 a5 10. O-O Bd7 11.
Re1 Nc6 12. Nf1 Nxd4 13. Nxd4 exd4 14. Qxd4 Qe5 15. Qd2 Bc6 16. Rac1 Rfe8 17. Qc2 Nxe4 18. Nd2 f5 19. Re3 Qd4 20. Nb3 Qb6 21. Rce1 a4 22. Nd2 Nxd2 23. Rxe8+ Rxe8 24. Rxe8+ Bxe8 25. Bd5+ Bf7 26. Qxf5 Bxd5 27. Qxd5+ Kf8 28. Qxd2 Qc5 29. Qc2 a3 30. bxa3 Qxa3 31. Qf5+ Ke7 32. Qxh7 Qc1+ 33. Kh2 Qxc4 34. Qxg7+ Kd8 35. Qf6+ Kd7 36. h4 Qxa2 37. h5 Qe2 38. h6 Qh5+ 39. Qh4 Qf3 40. Qf4 Qh5+ 41.
Kg2 b5 42. g4 Qd5+ 43. f3 Qa2+ 44. Kg3 Qb1 45. Qf5+ 1-0

[Event "Late-Titled-Tuesday-Blitz-July-09-2024"]
[Site "Chess.com"]
[Date "2024.07.09"]
[Round "4"]
[White "Kombinator01"]
[Black "Mbneu"]
[Result "1-0"]
[WhiteElo "2454"]
[BlackElo "2258"]
[TimeControl "180+1"]
[EndTime "14:39:00 PDT"]
[Termination "Kombinator01 won by checkmate"]

1. e4 c5 2. Nf3 Nf6 3. e5 Nd5 4. b3 Nc6 5. Bb2 e6 6. Bb5 Be7 7. O-O O-O 8. Nc3 a6 9. Bxc6 Nxc3 10. dxc3 dxc6 11. c4 Qc7 12. Qe2 f5 13. exf6 Bxf6 14.
Bxf6 gxf6 15. Qe3 b6 16. a4 a5 17. Rad1 e5 18. Rd2 Be6 19. Rfd1 Rad8 20. Qe4 Rxd2 21. Rxd2 Rd8 22. Rxd8+ Qxd8 23. h3 Qd6 24. Nh4 Kg7 25.
Kh2 Qd4 26. Qxc6 Qf4+ 27. Kg1 Qc1+ 28. Kh2 Qf4+ 29. g3 Qxf2+ 30. Ng2 Bf5 31. g4 Bxc2 32.
h4 h5 33. g5 Kg6 34. Qe8+ Kf5 35. Qxh5 Be4 36. gxf6+ Kxf6 37. Qg5+ Ke6 38. Qg4+ Bf5 39. Qg8+ Kf6 40. h5 e4 41. h6 e3 42. Qg7+ Ke6 43. h7 Bxh7 44. Qxh7 e2 45. Qe4+ Kd7 46.
Qb7+ Ke8 47. Qa8+ Kd7 48. Qb7+ Ke8 49. Qe4+ Kd7 50. Kh3 Qf1 51. Kg3 Kd6 52. Qd5+ Kc7 53. Qd2 Kc8 54. Qe1 Kc7 55. Qf2 Kc8 56. Ne1 Kc7 57. Kf3 Qh1+ 58. Kxe2 Qe4+ 59. Kd2 Qb1 60. Qf7+ Kc6 61. Qd5+ Kc7 62. Qd3 Qb2+ 63. Nc2 Qe5 64. Ne3 Qb2+ 65. Nc2 Qe5 66. Qe3 Qd6+ 67. Kc1 Qf6 68.
Qg3+ Kb7 69. Qg2+ Ka7 70. Qd5 Qf1+ 71. Kb2 Qf6+ 72. Ka2 Qf2 73. Qe4 Ka6 74. Qa8# 1-0

[Event "Late-Titled-Tuesday-Blitz-July-09-2024"]
[Site "Chess.com"]
[Date "2024.07.09"]
[Round "4"]
[White "flaviorcb"]
[Black "brm72"]
[Result "1/2-1/2"]
[WhiteElo "2205"]
[BlackElo "2644"]
[TimeControl "180+1"]
[EndTime "14:39:01 PDT"]
[Termination "Game drawn by repetition"]

1. d4 Nf6 2. Nf3 e6 3. Bf4 b6 4.
e3 Bb7 5. Be2 d6 6. h3 Nbd7 7.
c3 g6 8. O-O Bg7 9. a4 a6 10. Bh2 O-O 11. Nbd2 Qe7 12. Re1 Ne4 13. Nxe4 Bxe4 14. Bd3 Bb7 15. e4 e5 16. d5 f5 17.
c4 a5 18. Nd2 Nc5 19. Bc2 f4 20. f3 Bc8 21. Kh1 Bd7 22. Qe2 g5 23. Reb1 h5 24.
b4 axb4 25. Rxb4 Ra5 26. Nb3 Nxb3 27. Bxb3 g4 28. hxg4 hxg4 29. fxg4 Qh4 30. Bd1 Kf7 31. Ra3 Rg8 32. Rh3 Qg5 33. Rh5 Qg6 34. g3 f3 35.
Qxf3+ Ke8 36. Rf5 Bxf5 37. gxf5 Qf6 38. Qh5+ Kd8 39. g4 Rh8 40. g5 Rxh5 41. gxf6 Rxh2+ 42. Kxh2 Bxf6 43. Rb2 Rc5 44. Bb3 Ke7 45. Rg2 Kf7 46.
Kg3 Ra5 47. Kf3 Ra8 48. Rh2 Kg7 49. Rg2+ Kf7 50. Rh2 Kg7 51. Rg2+ Kf7 1/2-1/2

[Event "Late-Titled-Tuesday-Blitz-July-09-2024"]
[Site "Chess.com"]
[Date "2024.07.09"]
[Round "4"]
[White "artin10862"]
[Black "bazar-wokzal"]
[Result "0-1"]
[WhiteElo "2935"]
[BlackElo "2636"]
[TimeControl "180+1"]
[EndTime "14:39:03 PDT"]
[Termination "bazar-wokzal won on time"]

1. e4 Nc6 2. Bc4 Nf6 3. d3 e5 4.
Nf3 Bc5 5. c3 d6 6. Bg5 h6 7.
Bh4 Bg4 8. Nbd2 Qd7 9. b4 Bb6 10. a4 a5 11. b5 Ne7 12. Bxf6 gxf6 13. Qb3 Ng6 14. d4 Nf4 15. g3 Ne6 16. Qb2 O-O-O 17. O-O Rdg8 18. Kh1 h5 19. h4 exd4 20. Nxd4 Nxd4 21.
cxd4 f5 22. Bd5 fxe4 23. Bxe4 d5 24. Bg2 Bh3 25. Nf3 Bxg2+ 26. Kxg2 Qg4 27. Rad1 f5 28. Ne5 Qxh4 29. Rh1 Qf6 30. Kf3 h4 31. Qd2 hxg3 32.
fxg3 Qg7 33. Rxh8 Qxg3+ 34. Ke2 Rxh8 35. Qe3 Rh2+ 36. Kd3 f4 37. Qf3 Ra2 0-1

[Event "Late-Titled-Tuesday-Blitz-July-09-2024"]
[Site "Chess.com"]
[Date "2024.07.09"]
[Round "4"]
[White "yujiarun18"]
[Black "realburq"]
[Result "1-0"]
[WhiteElo "2248"]
[BlackElo "2425"]
[TimeControl "180+1"]
[EndTime "14:39:03 PDT"]
[Termination "yujiarun18 won by resignation"]

1. e4 c5 2. Nf3 e6 3. d4 cxd4 4. Nxd4 Nc6 5. Nc3 Qc7 6. Be2 a6 7. O-O b5 8. a3 Bb7 9. Be3 Nf6 10. e5 Nxd4 11. Bxd4 Nd5 12. Kh1 Bc5 13. f4 Ne3 14. Bxe3 Bxe3 15. Qd3 Bb6 16. Ne4 Bxe4 17. Qxe4 Rc8 18.
c3 d5 19. exd6 Qxd6 20. Rad1 Qc6 21. Qe5 O-O 22. Bf3 Qc4 23. Be2 Qc6 24. Rf3 Rcd8 25.
Bd3 Qc5 26. Qe2 Rd5 27. Rh3 g6 28. Rf3 Rfd8 29. h3 h5 30. Rg3 Kg7 31. Kh2 Qd6 32.
Qf1 Bc7 33. Kh1 Qxf4 34. Rf3 Qg5 35. Rxf7+ Kg8 36. Rxc7 Qg3 37. Qf7+ 1-0

[Event "Late-Titled-Tuesday-Blitz-July-09-2024"]
[Site "Chess.com"]
[Date "2024.07.09"]
[Round "4"]
[White "ChessSwole"]
[Black "bob1263"]
[Result "1-0"]
[WhiteElo "2695"]
[BlackElo "2519"]
[TimeControl "180+1"]
[EndTime "14:39:05 PDT"]
[Termination "ChessSwole won on time"]

1. d4 d5 2. Bf4 Nf6 3. e3 e6 4. Nf3 Bd6 5. Ne5 O-O 6. Nd2 c5 7. c3 Nc6 8. Bb5 Qc7 9. Bxc6 bxc6 10. O-O a5 11. Qa4 Ba6 12. Rfe1 Bb5 13. Qd1 a4 14. h3 cxd4 15. cxd4 c5 16. Rc1 c4 17. Nb1 Ne4 18. f3 Nf6 19. Nc3 Rfb8 20. b3 axb3 21.
axb3 Nh5 22. Nxb5 Rxb5 23. bxc4 dxc4 24. Rxc4 Qb7 25. Bh2 f6 26. Nd3 Bxh2+ 27. Kxh2 Qb8+ 28. f4 Rb3 29. Nc5 Rxe3 30. Rf1 Nxf4 31. Kh1 Nxh3 32. Qd2 Rea3 33. Nxe6 1-0

[Event "Late-Titled-Tuesday-Blitz-July-09-2024"]
[Site "Chess.com"]
[Date "2024.07.09"]
[Round "4"]
[White "Meri-Arabidze"]
[Black "VacheH009"]
[Result "1-0"]
[WhiteElo "2690"]
[BlackElo "2514"]
[TimeControl "180+1"]
[EndTime "14:39:05 PDT"]
[Termination "Meri-Arabidze won by checkmate"]

1. d4 Nf6 2. c4 e6 3. Nc3 Bb4 4.
f3 c5 5. d5 b5 6. e4 d6 7. Ne2 bxc4 8. Nf4 e5 9. Ne2 O-O 10.
Ng3 h6 11. Bxc4 Ba6 12. Bxa6 Nxa6 13. O-O Nc7 14. Nf5 Re8 15. Be3 Kh7 16. Qd2 Ng8 17. g4 Nb5 18. a3 Ba5 19. b4 Nxc3 20. Qxc3 cxb4 21. axb4 Bb6 22. Rfc1 g6 23. Ng3 Qb8 24.
Nf1 Ne7 25. Kh1 Qb7 26. Bxb6 Qb8 27. Be3 Qb7 28. Qb2 h5 29. gxh5 gxh5 30. Qg2 Rg8 31. Qh3 Rg6 32. Ng3 Qb5 33. Nxh5 Rh8 34. Rg1 Kg8 35.
Rxa7 Rxh5 36. Qxh5 Qe2 37. Rxe7 Qxe3 38. Rxg6+ Kf8 39.
Rxf7+ Ke8 40. Qh8+ Kxf7 41. Qh7+ Kf8 42. Rg8# 1-0

[Event "Late-Titled-Tuesday-Blitz-July-09-2024"]
[Site "Chess.com"]
[Date "2024.07.09"]
[Round "4"]
[White "wild3000"]
[Black "leotobares"]
[Result "1-0"]
[WhiteElo "2464"]
[BlackElo "2292"]
[TimeControl "180+1"]
[EndTime "14:39:05 PDT"]
[Termination "wild3000 won by resignation"]

1. e4 c5 2. Nf3 d6 3. d4 cxd4 4. Nxd4 Nf6 5. Bd3 g6 6. O-O Bg7 7. b3 O-O 8. Bb2 Nc6 9. Nxc6 bxc6 10. c4 a5 11. Nc3 Nd7 12. Na4 Bxb2 13. Nxb2 Nc5 14.
Bc2 e5 15. f4 exf4 16. Rxf4 Be6 17. Qd2 Qb6 18. Kh1 Rad8 19. Rh4 f5 20. Qh6 Qc7 21. exf5 Bxf5 22. Bxf5 Rxf5 23. Re1 Rdf8 24. Qc1 Qf7 25. h3 Rf1+ 26. Rxf1 Qxf1+ 27. Qxf1 Rxf1+ 28. Kh2 Rf2 29. Na4 Nxa4 30. bxa4 Rxa2 31. Rd4 d5 32. cxd5 cxd5 33. Rxd5 Rxa4 34. Rd7 Ra1 35. Kg3 a4 36. Ra7 a3 37.
Kg4 Rg1 38. g3 Ra1 39. Kg5 Rg1 40. Rxa3 Kf7 41. g4 h5 42. Ra7+ Kg8 43. Kxg6 Kf8 44. Kxh5 Rg3 45. h4 Rh3 46. g5 Rg3 47. Kg6 Rh3 48. h5 1-0

[Event "Late-Titled-Tuesday-Blitz-July-09-2024"]
[Site "Chess.com"]
[Date "2024.07.09"]
[Round "4"]
[White "rasmussvane"]
[Black "secretworker2027"]
[Result "1/2-1/2"]
[WhiteElo "2918"]
[BlackElo "2708"]
[TimeControl "180+1"]
[EndTime "14:39:06 PDT"]
[Termination "Game drawn by repetition"]

1. Nf3 Nf6 2. g3 d5 3. Bg2 e6 4. O-O Be7 5. c4 O-O 6. b3 d4 7. e3 c5 8. Ne5 Nfd7 9. exd4 cxd4 10. Nxd7 Nxd7 11. Ba3 Nc5 12. d3 Rb8 13. b4 Nd7 14. b5 Nc5 15. Qe2 b6 16. Nd2 Bb7 17. Bxc5 Bxc5 18.
f4 Bb4 19. Ne4 Bxe4 20. Bxe4 Bc3 21. Rad1 g6 22. Kh1 Rc8 23. g4 Rc5 24. f5 exf5 25. gxf5 Qh4 26. Rf3 Re5 27. Rdf1 Bb4 28. Rf4 Qh6 29.
Qg2 Bd6 30. fxg6 hxg6 31. Rg4 Kh8 32. Rf3 Rh5 33. h3 Rh4 34. Rxh4 Qxh4 35. Rf1 f5 36. Bd5 Re8 37. Bf7 Rf8 38. Bxg6 Rg8 39. Rxf5 Rxg6 40. Qxg6 Qxh3+ 41. Kg1 Bh2+ 42. Kf2 Bg3+ 43.
Kf3 Qh1+ 44. Kg4 Qh4+ 45. Kf3 Qh1+ 46. Ke2 Qe1+ 47. Kf3 Qh1+ 1/2-1/2

[Event "Late-Titled-Tuesday-Blitz-July-09-2024"]
[Site "Chess.com"]
[Date "2024.07.09"]
[Round "4"]
[White "Walter_White_Poland"]
[Black "kkpanu9"]
[Result "1-0"]
[WhiteElo "2415"]
[BlackElo "2062"]
[TimeControl "180+1"]
[EndTime "14:39:06 PDT"]
[Termination "Walter_White_Poland won on time"]

1. e4 c5 2. Nf3 d6 3. d4 cxd4 4. Nxd4 Nf6 5. Nc3 g6 6. Be3 Bg7 7. f3 O-O 8. Qd2 Nc6 9. O-O-O Bd7 10. g4 Rc8 11. h4 Ne5 12. h5 Qa5 13. Kb1 Nxf3 14.
Nxf3 Rxc3 15. Qxc3 Qxc3 16. bxc3 Bxg4 17. Bg2 Nxe4 18.
h6 Nxc3+ 19. Kc1 Nxa2+ 20. Kd2 Bf6 21. Ra1 Nc3 22. Rxa7 b5 23. Nh2 Bf5 24. Rf1 Rc8 25. Ra8 Rxa8 26. Bxa8 e6 27. Nf3 Bh8 28. Bd4 Ne4+ 29.
Ke3 Bxd4+ 30. Nxd4 Nf6 31. Nxf5 exf5 32. Kd4 Ng4 33. Rb1 Nxh6 34. Rxb5 Kg7 35. Bd5 Ng4 36. Rb6 h5 37. Rxd6 h4 38. Rd7 Nh6 39. c4 g5 40.
c5 g4 41. c6 h3 42. c7 g3 43.
c8=Q g2 44. Qc1 Ng4 45. Qg5+ 1-0

[Event "Late-Titled-Tuesday-Blitz-July-09-2024"]
[Site "Chess.com"]
[Date "2024.07.09"]
[Round "4"]
[White "CarlosjPineror"]
[Black "almaguerjm"]
[Result "1-0"]
[WhiteElo "2682"]
[BlackElo "2512"]
[TimeControl "180+1"]
[EndTime "14:39:07 PDT"]
[Termination "CarlosjPineror won by resignation"]

1. e4 e5 2. Nf3 Nc6 3. Bb5 a6 4.
Ba4 d6 5. c3 Bd7 6. O-O g6 7. d4 Bg7 8. Re1 Nf6 9. Nbd2 O-O 10. Nf1 Qe7 11. Ng3 Rad8 12. d5 Nb8 13. Bc2 c5 14. a4 Bc8 15. a5 h6 16. h3 Qc7 17.
Be3 Kh7 18. b4 Nbd7 19. Bd3 Rde8 20. Qd2 Re7 21. Reb1 Rfe8 22. b5 Nxd5 23. exd5 e4 24. Nxe4 Rxe4 25. Bxe4 Rxe4 26. bxa6 bxa6 27. Ra2 f5 28. Qc2 Bb7 29. c4 Nf6 30. Rb6 f4 31. Bd2 Bc8 32. Rab2 Bf5 33. Qb3 Qd8 34. Rb7 Qf8 35.
Bc3 g5 36. Rb8 Qf7 37. Qb7 Qg6 38. Rf8 Rxc4 39. Bxf6 Rc1+ 40. Kh2 g4 41. hxg4 Bxg4 42. Qxg7+ Qxg7 43. Bxg7 Kxg7 44. Rxf4 h5 45. Rb6 1-0

[Event "Late-Titled-Tuesday-Blitz-July-09-2024"]
[Site "Chess.com"]
[Date "2024.07.09"]
[Round "4"]
[White "cthulhuuu"]
[Black "LidongW"]
[Result "1-0"]
[WhiteElo "2459"]
[BlackElo "2288"]
[TimeControl "180+1"]
[EndTime "14:39:07 PDT"]
[Termination "cthulhuuu won on time"]

1. e4 e6 2. d3 d5 3. Nd2 Nf6 4. Ngf3 c5 5. g3 Nc6 6. Bg2 e5 7.
O-O Be7 8. exd5 Nxd5 9. Nc4 f6 10. a4 Be6 11. c3 O-O 12. Re1 Qd7 13. a5 Rad8 14.
Qa4 Nc7 15. Nfd2 Bh3 16. Bh1 Kh8 17. Ne4 Qxd3 18. Be3 Qd7 19. Nxc5 Bxc5 20. Bxc5 Rfe8 21. Rad1 Qe6 22. Nd6 Re7 23. Nxb7 Rxd1 24. Rxd1 Rd7 25.
Rxd7 Qxd7 26. Bxc6 Qd3 27. Qa1 e4 28. Qe1 f5 29.
Be3 Qc4 30. Nd8 Ne6 31. Nxe6 Qxe6 32. Bb5 Qd5 33. Bf1 Bxf1 34. Qxf1 Qxa5 35. Qd1 h6 36.
Bd4 Kh7 37. b4 Qa2 38. Qh5 Qb1+ 39. Kg2 Qd3 40. Qxf5+ Kg8 41. Qe6+ Kh7 42. Qf5+ Kg8 43. b5 1-0

[Event "Late-Titled-Tuesday-Blitz-July-09-2024"]
[Site "Chess.com"]
[Date "2024.07.09"]
[Round "4"]
[White "vladislavkovalev"]
[Black "manitodeplomo"]
[Result "0-1"]
[WhiteElo "2870"]
[BlackElo "2625"]
[TimeControl "180+1"]
[EndTime "14:39:08 PDT"]
[Termination "manitodeplomo won by checkmate"]

1. e4 c5 2. Nf3 Nc6 3. Bb5 Na5 4. O-O a6 5. Be2 b5 6. d4 cxd4 7. Nxd4 Bb7 8. Re1 e6 9. a4 b4 10. Bf1 Nf6 11. e5 Nd5 12. Nd2 Be7 13. Ne4 O-O 14.
Qg4 f5 15. exf6 Nxf6 16. Nxf6+ Bxf6 17. Bd3 Nc6 18. Nxc6 Bxc6 19. Qxb4 Rb8 20. Qg4 a5 21.
Rb1 Rb4 22. c4 Bxa4 23. Bd2 Rxb2 24. Qh5 g6 25. Bxg6 hxg6 26. Qxg6+ Kh8 27. Rxb2 Bxb2 28. Re3 Qh4 29. Rg3 Bd4 30. Be3 Be5 31. Bh6 Qd4 32. Bg7+ Bxg7 33. h4 Qxf2+ 34. Kh2 Qf6 35. Qh5+ Qh6 36. Qxa5 Bc6 37. Rg5 Rf4 38. Kg3 Qxh4# 0-1

[Event "Late-Titled-Tuesday-Blitz-July-09-2024"]
[Site "Chess.com"]
[Date "2024.07.09"]
[Round "4"]
[White "Redzishchess"]
[Black "ZakinIlay2306"]
[Result "1-0"]
[WhiteElo "2473"]
[BlackElo "2306"]
[TimeControl "180+1"]
[EndTime "14:39:08 PDT"]
[Termination "Redzishchess won by resignation"]

1. d4 Nf6 2. c4 c5 3. Nf3 cxd4 4.
Nxd4 g6 5. Nc3 Bg7 6. e4 Nc6 7. Be3 O-O 8. Be2 d6 9. O-O Bd7 10. h3 Nxd4 11. Bxd4 Bc6 12. Qc2 a6 13. Rad1 Rc8 14. f4 Nd7 15. Bxg7 Kxg7 16. Bf3 b5 17. cxb5 axb5 18. a3 Ba8 19. Kh2 Qc7 20. Qd3 b4 21.
axb4 d5 22. e5 e6 23. Nb5 Qc4 24. Nd6 Qxf4+ 25. g3 Qxe5 26. Nxc8 Rxc8 27. Rf2 Qd6 28. b5 Ne5 29. Qa3 Nxf3+ 30. Qxf3 Qe7 31. Qf4 e5 32. Qg4 Rd8 33. Rdf1 f5 34. Rxf5 Kh8 35. Rf7 Qc5 36. Qh4 Qc2+ 37. R1f2 Qxf2+ 38. Rxf2 Re8 39. Qf6+ 1-0

[Event "Late-Titled-Tuesday-Blitz-July-09-2024"]
[Site "Chess.com"]
[Date "2024.07.09"]
[Round "4"]
[White "Richardmaster"]
[Black "KNVB"]
[Result "1-0"]
[WhiteElo "2519"]
[BlackElo "2661"]
[TimeControl "180+1"]
[EndTime "14:39:09 PDT"]
[Termination "Richardmaster won on time"]

1. e4 e5 2. Nf3 Nc6 3. Bb5 Qf6 4. O-O Bc5 5. c3 Nge7 6. d3 h6 7. Be3 Bb6 8. d4 O-O 9. h3 d6 10. Na3 Ng6 11. Bxc6 bxc6 12. Nc4 Ba6 13. dxe5 dxe5 14. Nxb6 Rad8 15. Nd7 Qe7 16. Bc5 Qxd7 17. Qxd7 Rxd7 18. Bxf8 Bxf1 19. Kxf1 Kxf8 20. g3 Ke7 21. Ke2 Rd8 22. Ne1 f6 23. Nd3 Nf8 24. Nb4 Rd6 25. Rd1 Kd7 26.
Na6 Kc8 27. Nc5 Nd7 28. Nb3 Nf8 29. Na5 Kd7 30. Nc4 Rxd1 31. Kxd1 c5 32. Kd2 Ne6 33.
Ke3 Nd8 34. Na5 Nf7 35. h4 h5 36. Kd3 Nd6 37. a4 g5 38. Nc4 1-0

[Event "Late-Titled-Tuesday-Blitz-July-09-2024"]
[Site "Chess.com"]
[Date "2024.07.09"]
[Round "4"]
[White "AcostaPablo"]
[Black "BreatheChessAlways"]
[Result "1/2-1/2"]
[WhiteElo "2706"]
[BlackElo "2543"]
[TimeControl "180+1"]
[EndTime "14:39:10 PDT"]
[Termination "Game drawn by repetition"]

1. e4 c5 2. Nf3 Nc6 3. Bb5 e6 4.
O-O Nge7 5. c3 b6 6. d4 a6 7. Bxc6 Nxc6 8. d5 Ne7 9. Na3 Ng6 10. Nc4 d6 11. a4 e5 12. Ne1 Be7 13. Nd3 O-O 14. f4 exf4 15. Nxf4 Ne5 16. Ne3 Bg5 17. Qc2 a5 18. Bd2 Ba6 19. c4 Re8 20. b3 Bc8 21. Rf2 Ng4 22. Nxg4 Bxg4 23. Raf1 Bf6 24.
h3 Bd7 25. Be3 Bh4 26. Rf3 Qe7 27. Nh5 f6 28. g3 Qe5 29. Nxg7 Qxe4 30. Qxe4 Rxe4 31.
Nh5 Be8 32. Nf4 Bg5 33. h4 Bh6 34. Ng2 Bg7 35. Bf4 Bh5 36. Re3 Rxe3 37. Nxe3 Re8 38.
Nf5 Re2 39. Bxd6 Rb2 40. Be7 Rxb3 41. d6 Be8 42. Nxg7 Rxg3+ 43. Kf2 Rxg7 44. Rb1 Bxa4 45. Rxb6 Kf7 46. Ra6 Rg4 47. Rxa5 Rxc4 48. Ra7 Rxh4 49.
Rc7 c4 50. Kg3 Rd4 51. Kf3 Rh4 52. Kg3 Rd4 53. Kf3 Rh4 54. Kg3 1/2-1/2

[Event "Late-Titled-Tuesday-Blitz-July-09-2024"]
[Site "Chess.com"]
[Date "2024.07.09"]
[Round "4"]
[White "maurovargas01"]
[Black "talaicito"]
[Result "0-1"]
[WhiteElo "1941"]
[BlackElo "2313"]
[TimeControl "180+1"]
[EndTime "14:39:10 PDT"]
[Termination "talaicito won on time"]

1. e4 c5 2. Nc3 Nc6 3. f4 e6 4. Nf3 d5 5. e5 d4 6. Ne4 a6 7. d3 Nh6 8. h3 Nf5 9. g4 Nh4 10. g5 Nf5 11. Bg2 Qc7 12. O-O h6 13. g6 fxg6 14.
a3 Bd7 15. Bd2 a5 16. Rb1 Be7 17. Qe1 O-O 18. Kh2 a4 19. h4 Kh7 20. Bh3 b5 21.
Rg1 Rg8 22. Qf2 Be8 23. Qg2 Rd8 24. Bxf5 gxf5 25. Neg5+ hxg5 26. Nxg5+ Bxg5 27. hxg5 g6 28. Kg3 Kg7 29. Rh1 Rd7 30. Qh3 Kf8 31. Qh6+ Rdg7 32. b4 Ne7 33. bxc5 Qxc5 34. Bb4 Qxc2 35. Rhd1 Qe2 36. Rbc1 Qg4+ 0-1

[Event "Late-Titled-Tuesday-Blitz-July-09-2024"]
[Site "Chess.com"]
[Date "2024.07.09"]
[Round "4"]
[White "zsoltkorpics"]
[Black "MarlonJodar"]
[Result "1/2-1/2"]
[WhiteElo "2506"]
[BlackElo "2364"]
[TimeControl "180+1"]
[EndTime "14:39:11 PDT"]
[Termination "Game drawn by agreement"]

1. e4 e5 2. Nf3 Nc6 3. Bb5 a6 4. Ba4 Nf6 5. O-O Be7 6. Re1 b5 7.
Bb3 d6 8. c3 O-O 9. h3 Nb8 10.
d4 Nbd7 11. Nbd2 Bb7 12. a3 h6 13. Bc2 Re8 14. Nf1 Bf8 15. Ng3 c5 16. d5 c4 17.
Nh2 Nc5 18. Ng4 Nxg4 19. hxg4 Bc8 20. f3 Bd7 21. Be3 a5 22. Qe2 Rb8 23. Bd2 Be7 24. Nf5 Bxf5 25. gxf5 Bg5 26. g3 Bxd2 27.
Qxd2 Qg5 28. Qxg5 hxg5 29. Kf2 f6 30. Rh1 Kf7 31. Ke3 Rh8 32. Rag1 Rxh1 33. Rxh1 b4 34. Rb1 bxa3 35. bxa3 Rxb1 36. Bxb1 Na4 37. Kd2 g6 38. Bc2 Nb6 39. fxg6+ Kxg6 40. g4 Kf7 41. Bd1 Ke7 42. Bc2 Kd7 43. Kc1 Kc7 44. Kb2 Kb7 45. Bd1 Ka6 46. Bc2 Kb5 47. Bd1 Na4+ 48. Bxa4+ Kxa4 49.
Ka2 Kb5 50. Kb2 1/2-1/2

[Event "Late-Titled-Tuesday-Blitz-July-09-2024"]
[Site "Chess.com"]
[Date "2024.07.09"]
[Round "4"]
[White "Horokoskii"]
[Black "ArchibaldCerveza29"]
[Result "1-0"]
[WhiteElo "2129"]
[BlackElo "2409"]
[TimeControl "180+1"]
[EndTime "14:39:14 PDT"]
[Termination "Horokoskii won by resignation"]

1. c4 g6 2. Nc3 Nf6 3. g3 c5 4. Bg2 Bg7 5. e3 d6 6. Nge2 O-O 7. O-O Nc6 8. b3 a6 9. Bb2 Rb8 10. d3 Bd7 11. a4 Nb4 12. Na2 Nxa2 13. Rxa2 b5 14. axb5 axb5 15. Qc2 Qc7 16. Rfa1 Bc6 17. Nf4 bxc4 18. bxc4 Bxg2 19. Kxg2 Qb7+ 20. Kg1 Qb3 21. Qe2 Rfd8 22. h4 d5 23. cxd5 Nxd5 24. Nxd5 Rxd5 25. Bxg7 Kxg7 26. Rd2 Rbd8 27. Rad1 Qc3 28. Rc2 Qa5 29. Rdc1 Rxd3 30. Rxc5 Rd1+ 31. Rxd1 Rxd1+ 32. Qxd1 Qxc5 33. Qa1+ f6 34. Qd1 h5 35. Qf3 Qc1+ 36. Kg2 Qc5 37. Qb7 Qd6 38. Qf3 Qe5 39. Qb7 Kh6 40. Qa8 Kg7 41.
Qf3 Qd6 42. Qa8 g5 43. hxg5 fxg5 44. Qa1+ Kh7 45. Qb1+ Kh6 46. Qe4 Qf6 47. Qa8 h4 48. gxh4 gxh4 49. Qf3 Qg5+ 50. Kh3 e5 51. Qg4 Qxg4+ 52.
Kxg4 Kg6 53. Kxh4 e4 54. Kg4 1-0

[Event "Late-Titled-Tuesday-Blitz-July-09-2024"]
[Site "Chess.com"]
[Date "2024.07.09"]
[Round "4"]
[White "Hikaru"]
[Black "KaydenTroffChess"]
[Result "1-0"]
[WhiteElo "3215"]
[BlackElo "2883"]
[TimeControl "180+1"]
[EndTime "14:39:15 PDT"]
[Termination "Hikaru won by checkmate"]

1. e4 c5 2. d4 cxd4 3. c3 d3 4. Bxd3 g6 5. c4 Bg7 6. Nf3 Nc6 7. O-O d6 8. Nc3 Bg4 9. Nd5 Nf6 10. h3 Bxf3 11. Qxf3 Ne5 12. Qe2 Nxd3 13. Qxd3 O-O 14. Bg5 e6 15. Nc3 Qb6 16. b3 Nd7 17. Rac1 Nc5 18.
Qe2 h6 19. Bf4 Rfd8 20. Rfd1 Qc6 21. f3 a6 22. b4 g5 23. Bg3 Kh8 24. bxc5 dxc5 25.
e5 b5 26. cxb5 axb5 27. Qxb5 Rxd1+ 28. Rxd1 Qxb5 29. Nxb5 Rxa2 30. Rd7 Kg8 31. Nd6 h5 32. h4 gxh4 33. Bf4 Ra4 34. Ne4 c4 35. Rc7 Ra1+ 36.
Kh2 h3 37. Kxh3 Rh1+ 38. Kg3 Bf8 39. Bg5 Kg7 40. Rxc4 Kg6 41. Bf6 Kf5 42. Nd6+ Kg6 43. Rc8 Bh6 44. Rg8+ Kh7 45. Rh8+ Kg6 46. Nxf7 Bd2 47.
Nd6 Be1+ 48. Kf4 Bd2+ 49. Ke4 Re1+ 50. Kd3 Bb4 51. Rg8+ Kh7 52. Rg7+ Kh6 53. Nf7# 1-0